 Dungeon Crawl Stone Soup version 0.24.0-29-g8ce449bc06 (webtiles) character file.

Game seed: 4836452439207474811, levelgen mode: deterministic

321 Kilais the Grave Robber (level 6, 0/42 HPs)
             Began as a Vampire Necromancer on Nov 6, 2019.
             Killed by divine providence
             ... invoked by an orc priest
              (15 damage)
             ... on level 4 of the Dungeon on Nov 15, 2019.
             The game lasted 00:30:13 (3326 turns).

Kilais the Grave Robber (Vampire Necromancer)       Turns: 3326, Time: 00:30:14

Health: 0/42       AC:  2    Str:  7    XL:     6   Next: 22%
Magic:  8/12       EV: 13    Int: 19    God:
Gold:   154        SH:  0    Dex: 15    Spells: 12/13 levels left

rFire    . . .     SeeInvis +   b - +1 short sword
rCold    . . .     Gourm    .   (no shield)
rNeg     . . .     Faith    .   a - +0 robe
rPois    .         Spirit   .   (no helmet)
rElec    .         Reflect  .   (no cloak)
rCorr    +         Harm     .   (no gloves)
MR       .....                  (no boots)
Stlth    +++.......             (no amulet)
HPRegen  0.34/turn              l - ring of resist corrosion
MPRegen  0.13/turn              (no ring)

@: very slightly contaminated, regenerating quickly
A: no food, fangs 3, see invisible, unbreathing
a: Exsanguinate


You were on level 4 of the Dungeon.
You were alive.

You visited 1 branch of the dungeon, and saw 5 of its levels.

You collected 154 gold pieces.

Inventory:

Hand Weapons
 b - a +1 short sword (weapon)
Armour
 a - a +0 robe (worn)
Jewellery
 d - an uncursed amulet of inaccuracy
 l - a ring of resist corrosion (left hand)
 m - an uncursed ring of resist corrosion
 o - an uncursed amulet of regeneration {unknown}
Wands
 j - a wand of polymorph (1)
Scrolls
 e - a scroll of immolation
 g - a scroll of remove curse
 i - a scroll of blinking
Potions
 c - a potion of magic
 f - 3 potions of curing {unknown}
 h - a potion of invisibility {unknown}
 k - 2 potions of heal wounds {unknown}
 n - 2 potions of degeneration {unknown}
 p - a potion of flight {unknown}


   Skills:
 + Level 0.6 Fighting
 + Level 1.5 Short Blades
 + Level 2.4 Dodging
 + Level 3.8 Stealth
 * Level 4.0 Spellcasting
 * Level 6.3 Necromancy


You had 12 spell levels left.
You knew the following spells:

 Your Spells              Type           Power        Failure   Level  Hunger
a - Pain                  Necr           ####         1%          1    N/A

Your spell library contained the following spells:

 Spells                   Type           Power        Failure   Level  Hunger
 Animate Skeleton         Necr           N/A          1%          1    N/A
 Vampiric Draining        Necr           ####......   3%          3    N/A
 Animate Dead             Necr           N/A          10%         4    N/A
 Regeneration             Chrm/Necr      ###.......   11%         3    N/A

Dungeon Overview and Level Annotations

Branches:
Dungeon (5/15)
 Temple: D:4-7

Altars:
Elyvilon


Innate Abilities, Weirdness & Mutations

You do not eat.
Your natural rate of healing is unusually fast.
You have razor-sharp teeth.
You have supernaturally acute eyesight. (SInv)
You can survive without breathing.


Message History

The orc priest is healed somewhat.
The orc priest closely misses you.
The orc priest looks satisfied for a moment.
Casting: Pain (safe; 1% risk of failure)
Confirm with . or Enter, or press ? or * to list all spells.
Aiming: Pain (safe; 1% risk of failure)
Press: ? - help, Shift-Dir - straight line, f/p - orc priest
Aim: an orc priest, wielding a +0 flail (moderately wounded, chance to defeat MR: 84%)
The orc priest writhes in agony.
The orc priest casts a cantrip, but nothing happens.
The orc priest mumbles some strange prayers to Beogh against you.
Pain shoots through your body!
Casting: Pain (safe; 1% risk of failure)
Confirm with . or Enter, or press ? or * to list all spells.
Aiming: Pain (safe; 1% risk of failure)
Press: ? - help, Shift-Dir - straight line, f/p - orc priest
Aim: an orc priest, wielding a +0 flail (severely wounded, chance to defeat MR: 84%)
The orc priest writhes in agony.
The orc priest mumbles some strange prayers to Beogh against you.
Beogh smites you!
You die...

#.# #.# #.# ##.# ######## ...#
#......# ...######.####.#
#.......#.####.###
...####.#.#......#
#.#####.#.#.##.#@#
#.##........##.#.#
#.##.##.#......#.#
#.......########o#############
#.##.##.# #.o.o.........# #.##
#.# ####.......##.# #.# #..
#.##.##.# # #(## #o##....# #.#
#.# #.##.##.##.#


You could see 2 orc priests.

Vanquished Creatures
  Sigmund (D:4)
  An iguana (D:4)
  3 adders
  An ooze (D:3)
  A worm (D:3)
  5 dart slugs
  2 leopard geckos
  10 orcs
  5 bats
  4 giant cockroaches
  9 goblins
  13 hobgoblins
  4 jackals
  9 kobolds
  3 frilled lizards
  10 rats
81 creatures vanquished.

Notes
Turn   | Place    | Note
-------+----------+-------------------------------------------
     0 | D:1      | Kilais the Vampire Necromancer began the quest for the Orb.
     0 | D:1      | Reached XP level 1. HP: 13/13 MP: 3/3
   117 | D:1      | Reached XP level 2. HP: 12/19 MP: 3/5
   370 | D:1      | Reached skill level 5 in Necromancy
   525 | D:1      | Reached XP level 3. HP: 19/24 MP: 2/6
  1128 | D:2      | Found a white marble altar of Elyvilon.
  1659 | D:2      | Reached XP level 4. HP: 30/30 MP: 5/8
  2732 | D:3      | Upgraded the game from 0.24.0-13-gcf9b3192b9 to
                  | 0.24.0-29-g8ce449bc06
  2791 | D:4      | Reached XP level 5. HP: 27/35 MP: 9/9
  2796 | D:4      | Noticed Sigmund
  2861 | D:5      | Entered Level 5 of the Dungeon
  2933 | D:4      | Killed Sigmund
  2933 | D:4      | Reached skill level 1 in Short Blades
  2933 | D:4      | Reached skill level 6 in Necromancy
  2933 | D:4      | Reached XP level 6. HP: 23/42 MP: 8/11
  3326 | D:4      | Killed from afar by an orc priest

Levels and vault maps discovered:
D:1:      dpeg_arrival_simpleton_c, layout_basic, minmay_pentomino_r4
D:2:      layout_basic, first_ration, elyvilon_altar_5
D:3:      layout_rooms
D:4:      layout_loops_cross, uniq_sigmund
D:5:      layout_gridville

Skill      XL: |  1  2  3  4  5  6 |
---------------+-------------------+-----
Necromancy     | 5 6 |  6.3
Spellcasting   | 3 4 |  4.0
Short Blades   | 1 |  1.5
Fighting       | |  0.6
Dodging        | |  2.4
Stealth        | |  3.8

Action                   |  1- 3 |  4- 6 || total
-------------------------+-------+-------++-------
Melee: Short sword       |    86 |    61 ||   147
       Bite              |    10 |     4 ||    14
       Unarmed           |       |     1 ||     1
 Cast: Pain              |    41 |    52 ||    93
  Use: Scroll            |     7 |     3 ||    10
 Stab: Sleeping          |     7 |     7 ||    14
Armor: Robe              |    17 |     4 ||    21
Dodge: Dodged            |    65 |    52 ||   117
